 Dungeon Crawl Stone Soup version 0.22-a0-353-g2d6336e718 (webtiles) character file.

19829 Majang the Thaumaturge (level 12, -7/72 HPs)
             Began as a Gargoyle Earth Elementalist on Apr 10, 2018.
             Was an Elder of Vehumet.
             Engulfed by a cloud of freezing vapour (17 damage)
             ... in an ice cave on Apr 15, 2018.
             The game lasted 01:38:40 (13426 turns).

Majang the Thaumaturge (GrEE)                      Turns: 13426, Time: 01:38:40

Health: -7/72      AC: 17    Str: 17    XL:     12   Next: 73%
Magic:  26/26      EV: 14    Int: 23    God:    Vehumet [****..]
Gold:   426        SH:  0    Dex: 10    Spells: 22/32 levels left

rFire    + . .     SeeInvis .   b - +5 quarterstaff (protect)
rCold    . . .     Gourm    .   (shield currently unavailable)
rNeg     + . .     Faith    .   v - +0 troll leather armour
rPois    ∞         Spirit   .   (helmet restricted)
rElec    +         Reflect  .   w - +1 cloak
rCorr    .         Harm     .   (no gloves)
MR       .....                  o - +1 pair of boots
Stlth    ++........             j - amulet of magic regeneration
HPRegen  0.62/turn              i - +3 ring of intelligence
MPRegen  0.45/turn              k - ring of the Harvest {rF+ Str+2}

@: no status effects
A: antennae 2, negative energy resistance 1, electricity resistance, strong 1,
wild magic 1, unbreathing, petrification resistance, rot immunity, AC +8
a: Renounce Religion


You were in an ice cave.
You worshipped Vehumet.
Vehumet was greatly pleased with you.
You were not hungry.

You visited 3 branches of the dungeon, and saw 13 of its levels.
You also visited: Ossuary and Ice Cave.

You collected 701 gold pieces.
You spent 275 gold pieces at shops.

Inventory:

Hand Weapons
 a - a +4 quarterstaff of holy wrath
 b - a +5 quarterstaff of protection (weapon)
Missiles
 l - 234 stones (quivered)
Armour
 f - a +0 buckler of reflection
 o - a +1 pair of boots (worn)
 v - a +0 troll leather armour (worn)
 w - a +1 cloak (worn)
 L - a +0 chain mail of fire resistance
Jewellery
 i - a +3 ring of intelligence (left hand)
 j - an amulet of magic regeneration (around neck)
 k - the ring of the Harvest (right hand) {rF+ Str+2}
   (You found it on level 9 of the Dungeon)

   [ring of strength]

   It affects your strength (+2).
   It protects you from fire.
 z - an uncursed ring of see invisible
 C - an uncursed amulet of the acrobat
 E - an uncursed ring of flight
 K - an uncursed ring of stealth
Wands
 d - a wand of paralysis (13)
 D - a wand of random effects (24)
 H - a wand of disintegration (13)
Scrolls
 e - 10 scrolls of teleportation
 n - 3 scrolls of identify
 s - 7 scrolls of remove curse
 t - 4 scrolls of enchant weapon
 B - 2 scrolls of magic mapping
 G - 3 scrolls of enchant armour
 I - a scroll of amnesia
 J - 2 scrolls of fear
Potions
 g - 2 potions of mutation
 h - 7 potions of curing
 p - a potion of ambrosia
 q - a potion of magic
 u - a potion of might
 x - a potion of cancellation
 A - 3 potions of agility
 F - a potion of flight
Miscellaneous
 m - a lamp of fire
 M - a sack of spiders
Comestibles
 r - 9 chunks of flesh
 y - 19 rations


   Skills:
 + Level 7.3 Fighting
 + Level 6.5 Staves
 - Level 4.0 Armour
 + Level 5.7 Dodging
 - Level 2.1 Stealth
 * Level 10.7 Spellcasting
 + Level 7.7 Conjurations
   Level 0.7 Transmutations
 + Level 5.9 Fire Magic
 + Level 10.3 Earth Magic
 + Level 0.7 Evocations


You had 22 spell levels left.
You knew the following spells:

 Your Spells              Type           Power        Failure   Level  Hunger
a - Sandblast             Erth           ######       1%          1    None
b - Stone Arrow           Conj/Erth      ######       1%          3    None
l - Lee's Rapid Deconstr  Erth           ######....   1%          5    ####...
t - Flame Tongue          Conj/Fire      #####        1%          1    None


Dungeon Overview and Level Annotations

Branches:
Dungeon (11/15)            Temple (1/1) D:6            Lair (1/6) D:11
    Orc: D:9-12

Altars:
Ashenzari
Cheibriados
Dithmenos
Elyvilon
Fedhas
Gozag
Hepliaklqana
Kikubaaqudgha
Makhleb
Nemelex Xobeh
Okawaru
Qazlal
Ru
Sif Muna
Trog
Uskayaw
Vehumet
Wu Jian
Xom
Yredelemnul
Zin
The Shining One

Shops:
D:7 [   D:8 (

Annotations:
D:4 treasure behind rock


Innate Abilities, Weirdness & Mutations

You are resistant to torment.
Your stone body is resilient. (AC +8)
You are immune to poison.
You resist negative energy. (rN+)
You are resistant to electric shocks. (rElec)
You can survive without breathing.
You are immune to petrification.
You are immune to rotting.
You have a pair of antennae on your head.
Your muscles are strong. (Str +2)
Your spells are a little harder to cast, but a little more powerful.


Message History

Magic restored.
You enter the shallow water.
Moving in this stuff is going to be slow.
You see here a polar bear skeleton.
Some of the chunks of flesh in your inventory have rotted away.
There is a fountain of sparkling water here.
You enter the shallow water.
Moving in this stuff is going to be slow.
You are engulfed in freezing vapours.
Okay, then.
You are engulfed in freezing vapours.
You are engulfed in freezing vapours.
You are engulfed in freezing vapours.
* * * LOW HITPOINT WARNING * * *
You are engulfed in freezing vapours.
* * * LOW HITPOINT WARNING * * *
You feel much better.
You are engulfed in freezing vapours.
* * * LOW HITPOINT WARNING * * *
You are engulfed in freezing vapours.
You die...

≈≈≈### ≈≈≈≈≈## . ###
≈≈≈≈≈≈#. ##§### ≈≈≈≈≈≈≈
#@#.≈### ≈≈≈≈≈##
#..####..# ≈≈≈≈≈≈# ######
#..### ≈≈≈# ####...###
##§..##
≈≈######....#...###..⌠..#
##..##.....####..###...##
####......## ##......##
######## ########


There were no monsters in sight!

Vanquished Creatures
  A hydra (Lair:1)
  Erica (D:8)
  3 two-headed ogres
  2 unseen horrors (D:9)
  An ugly thing (D:11)
  A cyclops (D:11)
  A gargoyle (D:11)
  An ice statue (IceCv)
  A rime drake (Lair:1)
  The ghost of splatterpode the Poker, a novice OpGl of Gozag (D:4)
  A spiny frog (Lair:1)
  2 trolls
  8 polar bears (IceCv)
  A hornet (D:7)
  3 hippogriffs
  22 yaks
  A hungry ghost (D:8)
  A vampire mosquito (D:9)
  A soldier ant (D:9)
  2 acid dragons (D:11)
  A water moccasin (D:10)
  5 orc warriors
  2 sky beasts
  4 phantoms
  3 ogres
  7 ice beasts
  An eye of draining (D:9)
  20 wolves (IceCv)
  The ghost of Stone the Chopper, an amateur DsGl (D:3)
  A crocodile (D:10)
  2 centaurs
  An elf zombie (Ossuary)
  2 big kobolds
  9 bullfrogs
  A water moccasin skeleton (D:6)
  6 killer bees (D:10)
  An electric eel (Lair:1)
  9 wights
  4 howler monkeys
  5 crimson imps
  2 hounds (D:10)
  2 quasits
  A bullfrog zombie (D:6)
  2 centaur zombies (Ossuary)
  2 jellies
  An orc priest (D:6)
  6 orc wizards
  2 iguanas
  Terence (D:2)
  A centaur skeleton (D:9)
  7 worker ants
  A killer bee zombie (D:9)
  A big kobold zombie (Ossuary)
  2 mummies (Ossuary)
  15 adders
  3 gnolls (D:2)
  2 howler monkey skeletons
  2 shadow imps
  5 adder skeletons
  2 adder zombies
  5 worms
  3 dart slugs
  8 leopard geckos
  25 orcs
  3 ball pythons
  5 giant cockroaches
  7 goblins
  8 hobgoblins
  10 jackals
  4 quokkas
  9 bats
  5 frilled lizards
  14 hobgoblin zombies (Ossuary)
  A jackal skeleton (D:4)
  A jackal zombie (Ossuary)
  14 kobolds
  5 kobold zombies (Ossuary)
  9 orc zombies (Ossuary)
  A quokka skeleton (D:8)
  A quokka zombie (D:6)
  7 rats
  2 rat zombies (Ossuary)
347 creatures vanquished.

Vanquished Creatures (others)
  A yak (IceCv)
  2 wolves (IceCv)
3 creatures vanquished.

Grand Total: 350 creatures vanquished

Notes
Turn   | Place    | Note
-------+----------+-------------------------------------------
     0 | D:1      | Majang the Gargoyle Earth Elementalist began the quest for the Orb.
     0 | D:1      | Reached XP level 1. HP: 10/10 MP: 3/3
   312 | D:1      | Reached XP level 2. HP: 15/15 MP: 1/5
  1258 | D:2      | Reached XP level 3. HP: 18/19 MP: 7/7
  1544 | D:2      | Learned a level 3 spell: Stone Arrow
  1687 | D:2      | Reached XP level 4. HP: 18/24 MP: 7/9
  1954 | D:2      | Noticed Terence
  1984 | D:2      | Killed Terence
  1984 | D:2      | Reached XP level 5. HP: 26/28 MP: 5/11
  1993 | D:2      | Learned a level 5 spell: Lee's Rapid Deconstruction
  2284 | D:2      | Reached skill level 5 in Earth Magic
  2797 | D:3      | Noticed Stone's ghost (amateur DsGl)
  3442 | D:3      | Killed Stone's ghost
  3442 | D:3      | Reached XP level 6. HP: 17/32 MP: 7/13
  3773 | D:3      | Reached skill level 5 in Spellcasting
  4245 | D:4      | Noticed splatterpode's ghost (novice OpGl)
  4249 | D:4      | Noticed a phantom
  4257 | D:4      | Killed splatterpode's ghost
  4257 | D:4      | Reached XP level 7. HP: 9/36 MP: 10/15
  5033 | D:5      | Entered Level 5 of the Dungeon
  5159 | D:5      | Reached XP level 8. HP: 42/42 MP: 12/17
  5481 | D:5      | Reached skill level 1 in Fighting
  5481 | D:5      | Reached skill level 1 in Armour
  5595 | D:5      | Reached skill level 1 in Staves
  5919 | D:6      | Found a sand-covered staircase.
  5926 | Ossuary  | Entered an ossuary
  6498 | D:6      | Found a staircase to the Ecumenical Temple.
  6505 | Temple   | Entered the Ecumenical Temple
  6543 | Temple   | Became a worshipper of Vehumet
  6647 | D:6      | Found an iron altar of Okawaru.
  6648 | D:6      | Found an opulent altar of Gozag.
  6728 | D:6      | Reached XP level 9. HP: 49/49 MP: 8/19
  7470 | D:7      | Reached * piety under Vehumet
  7470 | D:7      | Offered knowledge of Flame Tongue by Vehumet.
  7473 | D:7      | Learned a level 1 spell: Flame Tongue
  7473 | D:7      | Upgraded the game from 0.22-a0-348-gd16d1391c7 to 0.22-a0-353-g2d6336e718
  7576 | D:7      | Found Mirreise's Armour Shoppe.
  7580 | D:7      | Bought a +1 helmet for 149 gold pieces
  7813 | D:7      | Noticed a hornet
  7819 | D:7      | Killed a hornet
  7819 | D:7      | Reached skill level 1 in Fire Magic
  8150 | D:8      | Noticed a two-headed ogre
  8155 | D:8      | Killed a two-headed ogre
  8155 | D:8      | Reached XP level 10. HP: 51/56 MP: 10/22
  8204 | D:8      | Reached skill level 5 in Conjurations
  8257 | D:8      | Noticed a two-headed ogre
  8262 | D:8      | Killed a two-headed ogre
  8371 | D:8      | Noticed Erica
  8393 | D:8      | Killed Erica
  8393 | D:8      | Offered knowledge of Sting by Vehumet.
  8400 | D:8      | Reached ** piety under Vehumet
  8951 | D:8      | Found Vozxeru's Antique Weapon Shop.
  8959 | D:8      | Bought a runed quarterstaff for 126 gold pieces
  8968 | D:8      | Gained mutation: Your mind is acute. (Int +2) [potion of mutation]
  8968 | D:8      | Gained mutation: You have a pair of small horns on your head. [potion of mutation]
  8968 | D:8      | Gained mutation: You expend magic power (3 MP) to strengthen your wands. [potion of mutation]
  8969 | D:8      | Lost mutation: Your mind is acute. (Int +2) [potion of mutation]
  8969 | D:8      | Lost mutation: You have a pair of small horns on your head. [potion of mutation]
  8969 | D:8      | Lost mutation: You expend magic power (3 MP) to strengthen your wands. [potion of mutation]
  8969 | D:8      | Gained mutation: Your muscles are strong. (Str +2) [potion of mutation]
  8969 | D:8      | Gained mutation: Your spells are a little harder to cast, but a little more powerful. [potion of mutation]
  8969 | D:8      | Gained mutation: You have a pair of small antennae on your head. [potion of mutation]
  8969 | D:8      | Gained mutation: You have a pair of antennae on your head. [potion of mutation]
  9516 | D:9      | Reached skill level 5 in Fighting
  9520 | D:9      | Killed an unseen horror
  9520 | D:9      | Killed an unseen horror
  9520 | D:9      | Reached XP level 11. HP: 57/64 MP: 6/24
  9590 | D:9      | Got a scorched steel ring
  9622 | D:9      | Identified the ring of the Harvest {rF+ Str+2} (You found it on level 9 of the Dungeon)
 10287 | D:10     | Entered Level 10 of the Dungeon
 10359 | D:9      | Offered knowledge of Throw Frost by Vehumet.
 10450 | D:10     | Reached *** piety under Vehumet
 10501 | D:10     | Reached skill level 5 in Staves
 10888 | D:10     | Noticed a two-headed ogre
 10890 | D:10     | Killed a two-headed ogre
 10946 | D:10     | Offered knowledge of Dazzling Spray by Vehumet.
 11444 | D:11     | Noticed a purple ugly thing
 11453 | D:11     | Killed a purple ugly thing
 11493 | D:11     | Found a staircase to the Lair.
 11646 | D:11     | Reached **** piety under Vehumet
 11725 | D:11     | Reached skill level 5 in Dodging
 11855 | D:11     | Noticed a cyclops
 11864 | D:11     | Killed a cyclops
 11864 | D:11     | Reached skill level 10 in Spellcasting
 11979 | D:11     | Found a burning altar of Makhleb.
 12116 | D:11     | Reached skill level 5 in Fire Magic
 12118 | D:11     | Reached XP level 12. HP: 62/71 MP: 8/26
 12122 | D:11     | Offered knowledge of Venom Bolt by Vehumet.
 12352 | Lair:1   | Entered Level 1 of the Lair of Beasts
 12407 | Lair:1   | Noticed a six-headed hydra
 12412 | Lair:1   | Killed a six-headed hydra
 12615 | Lair:1   | Found a frozen archway.
 12644 | IceCv    | Entered an ice cave
 13015 | IceCv    | Reached skill level 10 in Earth Magic
 13422 | IceCv    | HP: 2/72 [something (13)]
 13426 | IceCv    | Engulfed by a cloud of freezing vapour

Vault maps used:
D:1:      eino_arrival_cavern_d
D:2:      uniq_terence
D:4:      cheibrodos_quashed, hangedman_decor_lopped
D:5:      first_ration
D:6:      nicolae_gozag_seed_capital, minmay_temple_entry_statues_pillars,
          basic_altar, nicolae_ossuary_entry_monument
D:7:      serial_shops, shop
D:8:      serial_shops, shop, uniq_erica
D:9:      minmay_the_grid_triangle_9x9_recursive_2
D:11:     lair_entry_dummy, basic_altar
Temple:   compressed_dpeg_circular_temple
Lair:1:   portal_ice_cave_entry_pillars_1, serial_bayou_pond_e,
          infiniplex_staircase_pool
Ossuary:  ossuary_tomb_1
IceCv:    ice_cave_caverns_02

Skill      XL: |  1  2  3  4  5  6  7  8  9 10 11 12 |
---------------+-------------------------------------+-----
Earth Magic    | 4 5 6 7 8 9 10 | 10.3
Spellcasting   | 3 4 5 6 7 8 9 10 | 10.7
Conjurations   | 2 3 4 6 7 |  7.7
Fighting       | 2 3 5 6 7 |  7.3
Armour         | 2 3 4 |  4.0
Staves         | 2 3 4 5 6 |  6.5
Dodging        | 2 3 4 5 |  5.7
Fire Magic     | 2 3 5 |  5.9
Stealth        | |  2.1
Transmutations | |  0.7
Evocations     | |  0.7

Action                   |  1- 3 |  4- 6 |  7- 9 | 10-12 || total
-------------------------+-------+-------+-------+-------++-------
Melee: Unarmed           |    19 |       |       |       ||    19
       Mace              |    40 |       |       |       ||    40
       Quarterstaff      |    36 |   115 |   223 |   266 ||   640
Throw: Stone             |       |       |       |     1 ||     1
 Cast: Sandblast         |    27 |    52 |    54 |    19 ||   152
       Stone Arrow       |       |    14 |    56 |    43 ||   113
       Lee's Rapid Decon |       |       |     6 |    99 ||   105
       Flame Tongue      |       |       |     2 |    23 ||    25
Evoke: Wand              |       |       |     5 |       ||     5
  Use: Scroll            |       |     2 |     5 |    16 ||    23
       Potion            |       |       |       |    13 ||    13
 Stab: Sleeping          |     5 |     3 |     2 |     1 ||    11
       Distracted        |       |     1 |       |       ||     1
  Eat: Chunk             |     3 |     9 |    12 |    28 ||    52
       Ration            |       |       |     1 |     2 ||     3
Armor: Robe              |    46 |    59 |   122 |    98 ||   325
       Troll leather arm |       |       |       |    65 ||    65
       Skin              |       |       |       |     2 ||     2
Dodge: Dodged            |    71 |    87 |   171 |   224 ||   553

Table legend:
 A = Spawn XP
 B = Non-spawn XP
 C = Spawn XP percentage of total XP
 D = Spawn monster count
 E = Non-spawn monster count
 F = Spawn count percentage of total count
 G = Total turns spent on level
                    A         B        C        D         E        F      G
               +---------+---------+-------+---------+---------+-------+---------
         Total |       0 |   28328 |   0.0 |       0 |     347 |   0.0 | 13426
               +---------+---------+-------+---------+---------+-------+---------
           D:1 |       0 |      22 |   0.0 |       0 |      13 |   0.0 |  1134
           D:2 |       0 |     218 |   0.0 |       0 |      38 |   0.0 |  1975
           D:3 |       0 |     175 |   0.0 |       0 |      20 |   0.0 |   736
           D:4 |       0 |     765 |   0.0 |       0 |      13 |   0.0 |  1188
           D:5 |       0 |     253 |   0.0 |       0 |      12 |   0.0 |   821
           D:6 |       0 |    1058 |   0.0 |       0 |      26 |   0.0 |   950
           D:7 |       0 |    1135 |   0.0 |       0 |      22 |   0.0 |   777
           D:8 |       0 |    4382 |   0.0 |       0 |      26 |   0.0 |  1101
           D:9 |       0 |    2841 |   0.0 |       0 |      25 |   0.0 |  1150
          D:10 |       0 |    3639 |   0.0 |       0 |      32 |   0.0 |  1066
          D:11 |       0 |    3948 |   0.0 |       0 |      34 |   0.0 |   908
        Lair:1 |       0 |    1869 |   0.0 |       0 |       5 |   0.0 |   292
       Ossuary |       0 |     285 |   0.0 |       0 |      38 |   0.0 |   480
         IceCv |       0 |    7738 |   0.0 |       0 |      43 |   0.0 |   782
               +---------+---------+-------+---------+---------+-------+---------
